 Dungeon Crawl Stone Soup version 0.28.0-45-g0d030f2227 (webtiles) character file.

Game seed: 7900816322810124542

183 McKennaii the Shield-Bearer (level 5, 0/45 HPs)
             Began as a Demigod Fighter on Apr 18, 2022.
             Succumbed to an orc wizard's poison
             ... on level 3 of the Dungeon.
             The game lasted 00:03:28 (3369 turns).

McKennaii the Shield-Bearer (Demigod Fighter)       Turns: 3369, Time: 00:03:29

Health: 0/45       AC:  8    Str: 21    XL:     5   Next: 13%
Magic:  3/7        EV:  9    Int: 10    God:
Gold:   116        SH:  5    Dex: 13    Spells: 4/4 levels left

rFire   + . .      SeeInvis .   a - +0 trident
rCold   . . .      Faith    .   c - +0 buckler
rNeg    . . .      Spirit   +   b - +0 scale mail
rPois   .          Reflect  .   l - +0 helmet
rElec   .          Harm     .   (no cloak)
rCorr   .          Rampage  .   (no gloves)
Will    .....                   (no boots)
Stlth   ..........              g - amulet of guardian spirit
HPRegen 0.15/turn               q - ring of protection from fire
MPRegen 0.10/turn               (no ring)

@: brilliant, lethally poisoned (0 -> -8)
A: high MP 1, forlorn, divine attributes
a: no special abilities


You were on level 3 of the Dungeon.
You visited 1 branch of the dungeon, and saw 3 of its levels.

You collected 116 gold pieces.

Inventory:

Hand Weapons
 a - a +0 trident (weapon)
Armour
 b - a +0 scale mail (worn)
 c - a +0 buckler (worn)
 l - a +0 helmet (worn)
Jewellery
 g - an amulet of guardian spirit (around neck)
 q - a ring of protection from fire (left hand)
Scrolls
 e - 2 scrolls of vulnerability {unknown}
 i - a scroll of amnesia {unknown}
 k - a scroll of teleportation {unknown}
 n - a scroll of noise {unknown}
 o - a scroll of fear {unknown}
 r - a scroll of enchant armour {unknown}
 s - a scroll of identify {unknown}
Potions
 d - a potion of might
 f - a potion of brilliance
 h - a potion of lignification {unknown}
 j - a potion of flight {unknown}


   Skills:
 + Level 3.6 Fighting
 + Level 3.0 Polearms
 + Level 3.5 Armour
 + Level 3.6 Shields


You had 4 spell levels left.
You didn't know any spells.
Your spell library contained the following spells:

 Spells                   Type           Power      Damage    Failure   Level
 Ensorcelled Hibernation  Hex/Ice        0%         N/A       90%         2
 Passwall                 Tmut/Erth      0%         N/A       90%         2
 Conjure Flame            Conj/Fire      0%         6-21      99%         3
 Ignite Poison            Fire/Tmut/Pois 0%         N/A       99%         3
 Swiftness                Air            0%         N/A       99%         3
 Sticky Flame             Conj/Fire      0%         2d3       100%        4


Dungeon Overview and Level Annotations

Branches:
Dungeon (3/15)


Innate Abilities, Weirdness & Mutations

You have an increased reservoir of magic. (+10% MP)
You shall have no god before yourself.
Your divine heritage dramatically boosts your attributes as you level up.


Message History

You feel very sick.
The orc wizard points at you and mumbles some strange words.
The magic dart hits you.
Unknown command.
You barely miss the orc wizard.
The orc wizard is heavily wounded.
You feel very sick.
The orc wizard hits you but does no damage.
You are more poisoned.
You closely miss the orc wizard.
The orc wizard is heavily wounded.
You feel very sick. You block the orc wizard's attack.
You barely miss the orc wizard.
The orc wizard is heavily wounded.
You feel very sick.
The orc wizard gestures at you while chanting.
You resist with some effort.
You barely miss the orc wizard.
The orc wizard is heavily wounded.
You feel very sick.
The orc wizard points at you and mumbles some strange words.
The puff of flame hits you. You resist.
The orc wizard gestures wildly while chanting.
The orc wizard flickers and vanishes!
Deactivating autopickup; reactivate with Ctrl-A.
You barely miss something.
You feel sick. Something hits you.
* * * LOW HITPOINT WARNING * * *
You are lethally poisoned!
Unknown command.
You miss something.
* * * LOW HITPOINT WARNING * * *
You feel very sick. Something hits you but does no damage.
You completely miss something.
* * * LOW HITPOINT WARNING * * *
You feel very sick. Something hits you but does no damage.
You miss something.
You die...

#.#..#.#############.#.#...#.
#.#......{.........#.#.#...#.
#.####.#########...#.#.#.#.#.
#.. #.#.......#...#.#.#.#.##
#.. #.#.####.##...#.#.#.#...
.. #.#.# #.##รท..#.#.#.##.#
#.#.# #......#.#.#..... #
#.#.#######.#.#.#.####.# .
#.#o#..){@.<#...#.#.# #..
...##.#.#############.#.#####.
.#.....o......................
........###########.#.#.######
........w...... #.#.#.# #
.######......## #.#.#.# #
#...o..# #.#.#.# # #......#
#.#.#.# #.....w# #.#.#.#


There were no monsters in sight!

Vanquished Creatures
  A phantom (D:1)
  2 gnolls (D:2)
  3 adders
  2 worms (D:2)
  A dart slug (D:1)
  7 bats
  3 endoplasms
  4 giant cockroaches
  7 goblins
  A hobgoblin (D:2)
  3 jackals (D:2)
  2 ball pythons (D:1)
  3 frilled lizards (D:1)
  A kobold (D:1)
  5 rats
45 creatures vanquished.

Vanquished Creatures (others)
  An orc wizard (D:3)
1 creature vanquished.

Grand Total: 46 creatures vanquished

Notes
Turn   | Place    | Note
-------+----------+-------------------------------------------
     0 | D:1      | McKennaii the Demigod Fighter began the quest for the Orb.
     0 | D:1      | Reached XP level 1. HP: 18/18 MP: 3/3
   475 | D:1      | Reached XP level 2. HP: 25/25 MP: 4/4
  1076 | D:2      | Reached XP level 3. HP: 24/31 MP: 5/5
  1958 | D:2      | Noticed a phantom
  2137 | D:1      | Killed a phantom
  2138 | D:1      | Reached XP level 4. HP: 5/38 MP: 2/6
  3120 | D:3      | Reached XP level 5. HP: 45/45 MP: 7/7
  3368 | D:3      | HP: 2/45 [poisoned by an orc wizard]
  3369 | D:3      | Succumbed to an orc wizard's poison

Illustrated notes

Levels and vault maps discovered:
D:1:      evilmike_arrival_fibonacci_small, layout_basic,
          shapermc_ecumenical_altar_pompeii, minivault_24, minmay_tromino_v4_b
D:2:      layout_loops_corners
D:3:      layout_basic

Skill      XL: |  1  2  3  4  5 |
---------------+----------------+-----
Polearms       | 2 3 |  3.0
Shields        | 3 |  3.6
Armour         | 3 |  3.5
Fighting       | 3 |  3.6

Action                   |  1- 3 |  4- 6 || total
-------------------------+-------+-------++-------
Melee: Trident           |   130 |    61 ||   191
  Use: Potion            |       |     5 ||     5
Armor: Scale mail        |    42 |    28 ||    70
Dodge: Dodged            |    51 |     9 ||    60
Block: Buckler           |    19 |    16 ||    35
